 Dungeon Crawl Stone Soup version 0.30-a0-1035-g38d5fb2972 (webtiles) character file.

Game seed: 6196098178331028868

88 cforsyth the Caller (level 4, 0/27 HPs)
             Began as an Octopode Summoner on Apr 9, 2023.
             Slain by an orc
             ... wielding a +0 trident of flaming
              (4 damage)
             ... on level 3 of the Dungeon.
             The game lasted 00:04:51 (2474 turns).

cforsyth the Caller (Octopode Summoner)             Turns: 2474, Time: 00:04:51

Health: 0/27       AC:  1    Str:  7    XL:     4   Next: 54%
Magic:  6/8        EV: 13    Int: 19    God:
Gold:   91         SH:  0    Dex: 12    Spells: 0/9 levels left

rFire   . . .      SeeInvis .    (no weapon)
rCold   . . .      Faith    .    (no shield)
rNeg    . . .      Spirit   .    (helmet restricted)
rPois   .          Reflect  .    (no amulet)
rElec   .          Rampage  .    (no ring)
rCorr   .                        (no ring)
Will    .....                    (no ring)
Stlth   +++                      (no ring)
HPRegen 0.24/turn                (no ring)
MPRegen 0.11/turn                (no ring)
                                 (no ring)
                                 (no ring)

@: no status effects
A: almost no armour, amphibious, 8 rings, camouflage 1, gelatinous body 1,
(nimble swimmer 1), tentacles
a: no special abilities


You were on level 3 of the Dungeon.
You visited 1 branch of the dungeon, and saw 3 of its levels.

You collected 91 gold pieces.

Inventory:

Wands
 h - a wand of charming (11)
Scrolls
 c - a scroll of fear {unknown}
 d - a scroll of acquirement {unknown}
 e - a scroll of poison {unknown}
 f - a scroll of teleportation {unknown}
 i - a scroll of brand weapon {unknown}
Potions
 a - a potion of magic
 b - a potion of lignification {unknown}
 g - 2 potions of heal wounds {unknown}


   Skills:
 - Level 2.0 Dodging
 - Level 2.6 Stealth
 + Level 3.2 Spellcasting
 + Level 0.5 Hexes
 + Level 4.9 Summonings


You couldn't memorise any spells.
You knew the following spells:

 Your Spells              Type           Power      Damage    Failure   Level
a - Summon Small Mammal   Summ           84%        N/A       1%          1
b - Call Imp              Summ           42%        N/A       3%          2
c - Call Canine Familiar  Summ           21%        N/A       6%          3
d - Summon Guardian Gole  Hex/Summ       13%        N/A       14%         3

Your spell library contained the following spells:

 Spells                   Type           Power      Damage    Failure   Level
 Freeze                   Ice            12%        1d3       16%         1
 Scorch                   Fire           6%         2d5       22%         2
 Frozen Ramparts          Ice            6%         1d1       41%         3
 Hailstorm                Conj/Ice       3%         3d3       41%         3
 Ignite Poison            Fire/Tmut/Pois 3%         N/A       41%         3
 Summon Lightning Spire   Summ/Air       12%        N/A       47%         4
 Flame Wave               Conj/Fire      3%         2d5       83%         4
 Sticky Flame             Conj/Fire      3%         2d3       83%         4
 Summon Cactus Giant      Summ           10%        N/A       96%         6
 Ignition                 Fire           1%         3d3       100%        8


Dungeon Overview and Level Annotations

Branches:
Dungeon (3/15)

Altars:

Shops:
D:2 (


Innate Abilities, Weirdness & Mutations

You cannot wear most types of armour.
You are amphibious.
You can wear up to eight rings at the same time.
Your skin changes colour to match your surroundings (Stealth+).
Your rubbery body absorbs attacks. (AC +1, EV +1)
((You are camouflaged when in or above water. (Stealth+)))
You have tentacles for arms and can constrict up to eight enemies at once.


Message History

You constrict the quokka.
Your cerulean imp completely misses the quokka.
The quokka misses you.
Your quokka barely misses the quokka.
You tentacle-slap the quokka.
The quokka is severely wounded.
You constrict the quokka.
Your cerulean imp barely misses the quokka.
The quokka bites you.
Your quokka bites the quokka.
The quokka dies!
No target in view!
No target in view!
No target in view!
No target in view!
Your quokka disappears in a puff of smoke!
Your quokka disappears in a puff of smoke!
An orc comes into view. It is wielding a +0 trident of flaming.
Found a stone staircase leading down.
An orc is nearby!
An orc is nearby!
An orc is nearby!
An orc is nearby!
Your cerulean imp closely misses the orc.
Your cerulean imp hits the orc with a -2 spear.
The orc hits you from afar with a +0 trident of flaming!
The orc burns you.
You swap places.
Your cerulean imp barely misses the orc.
Your quokka bites the orc but does no damage.
The orc hits you with a +0 trident of flaming.
The orc burns you.
You are too injured to fight recklessly!
You are too injured to fight recklessly!
You are too injured to fight recklessly!
You are too injured to fight recklessly!
You swap places.
Your quokka bites the orc but does no damage.
The orc hits you from afar with a +0 trident of flaming!
* * * LOW HITPOINT WARNING * * *
The orc burns you.
You die...

### ##.##
##########...#
#>.5r...###.##
#..o.@####...## ##
#.###b.##.....# .
#.#....###...## .# #
#.#....##.....## ..# #
#.#...##.......## .. #
#.#..##.........# #.##
#.#.####.......## #...
#...###.........####.#
##.###.........).###.#


You could see an orc (ally target), a friendly cerulean imp (summoned), a
friendly quokka (summoned) and a friendly bat (summoned).

Vanquished Creatures
  3 bats
  An endoplasm (D:2)
  3 goblins
  A hobgoblin (D:1)
  2 jackals
  A quokka (D:1)
  2 frilled lizards
13 creatures vanquished.

Vanquished Creatures (collateral kills)
  2 adders
  4 dart slugs
  3 bats
  2 endoplasms
  A giant cockroach (D:3)
  2 goblins
  4 hobgoblins
  5 jackals
  4 kobolds
  5 quokkas
  5 ball pythons
  3 frilled lizards
  3 rats
43 creatures vanquished.

Vanquished Creatures (others)
  A plant (D:1)
1 creature vanquished.

Grand Total: 57 creatures vanquished

Notes
Turn   | Place    | Note
-------+----------+-------------------------------------------
     0 | D:1      | cforsyth the Octopode Summoner began the quest for the Orb.
     0 | D:1      | Reached XP level 1. HP: 11/11 MP: 3/3
   120 | D:1      | Reached XP level 2. HP: 17/17 MP: 1/5
   123 | D:1      | Learned a level 2 spell: Call Imp
   173 | D:1      | Found a faded altar of an unknown god.
   728 | D:1      | Reached XP level 3. HP: 16/21 MP: 1/7
  1804 | D:2      | Found Agrocip's Antique Weapon Shoppe.
  1823 | D:2      | Reached XP level 4. HP: 24/27 MP: 4/8
  1829 | D:2      | Learned a level 3 spell: Call Canine Familiar
  1833 | D:2      | Learned a level 3 spell: Summon Guardian Golem
  2474 | D:3      | Slain by an orc

Illustrated notes

Levels and vault maps discovered:
D:1:      minmay_arrival_stair_chambers, layout_basic,
          shapermc_ecumenical_altar_mp_ritualfount
D:2:      layout_basic, serial_shops, shop_fountains
D:3:      layout_basic, serial_shops, nicolae_lakefront_shop,
          nicolae_figureground_pulse

Skill      XL: |  1  2  3 |
---------------+----------+-----
Spellcasting   | 3 |  3.2
Dodging        | |  2.0
Stealth        | |  2.6
Hexes          | |  0.5
Summonings     | |  4.9

Action                     |  1- 3 |  4- 6 || total
---------------------------+-------+-------++-------
  Melee: Unarmed           |    46 |    16 ||    62
         Constrict         |    17 |     6 ||    23
         Tentacles         |    10 |     3 ||    13
         Punch             |     1 |       ||     1
   Cast: Summon Small Mamm |    42 |    19 ||    61
         Call Imp          |    16 |     2 ||    18
   Stab: Sleeping          |     1 |       ||     1
 Armour: Skin              |    10 |     2 ||    12
  Dodge: Dodged            |    57 |    11 ||    68

Table legend: (Time is in decaauts)
 A = Elapsed time spent in this place.
 B = Non-inter-level travel time spent in this place.
 C = Inter-level travel time spent in this place.
 D = Time resting spent in this place.
 E = Time spent auto-exploring this place.
 F = Levels seen in this place.
 G = Mean time per level.
                   A        B        C        D        E       F      G
               +--------+--------+--------+--------+--------+-----+--------+
         Total |   2473 |   2430 |     43 |      0 |   2006 |   3 |  824.3 |
       Dungeon |   2473 |   2430 |     43 |      0 |   2006 |   3 |  824.3 |
               +--------+--------+--------+--------+--------+-----+--------+

Top non-repeatable levels by time:
     D:1: 1548 daAuts
     D:2: 581 daAuts
     D:3: 343 daAuts
